AoeStats
← Bibigolas

MegaRandom

504015069Analyzed
1v1 RM · 1mo ago on Sep 3, 2026· 24m 24s· 2 players
Game mode
Random Map
Map size
Tiny (2 player)
Population
200
Speed
Normal
Resources
Standard
Victory
Conquest
Starting age
Dark Age
Ending age
Imperial Age
RankedLock teamsTeams togetherTeam positionsShared explorationLock speedFull tech treeHidden civsTurbo modeCheats
Victory
Defeat
🇨🇳 Sicilians · China
1351
+20
🇫🇷 Mongols · France
1441
-20
Bibigolas
7:58 Loom
10:04 Feudal Age
10:41 Double-Bit Axe
14:27 Horse Collar
16:30 Fletching
21:09 Castle Age
21:48 Scale Barding Armor
21:54 Forging
22:34 Bow Saw
23:21 Bloodlines
23:20 Gold Mining
WMC
10:21 Feudal Age
10:31 Loom
15:08 Castle Age
14:46 Scale Mail Armor
21:52 Chain Mail Armor
Connection lost

Rejoining the realm…

Still unreachable

The connection could not be restored.

Session expired

The server has moved on; the page needs a fresh start.